 Dungeon Crawl Stone Soup version 0.19.4 (webtiles) character file.

419 Mefis the Magician (level 6, -1/32 HPs)
             Began as a Deep Elf Wizard on Jan 31, 2017.
             Slain by an ice beast (7 damage)
             ... on level 5 of the Dungeon.
             The game lasted 00:08:58 (5679 turns).

Mefis the Magician (Deep Elf Wizard)                Turns: 5679, Time: 00:08:59

Health: -1/32      AC:  5    Str:  4    XL:     6   Next: 62%
Magic:  0/17       EV: 14    Int: 25    God:
Gold:   151        SH:  0    Dex: 13    Spells: 7 memorised, 3 levels left

rFire  . . .     SeeInvis .     y - +0 spear
rCold  . . .     Gourm    .     a - +0 robe
rNeg   . . .     Faith    .     (no shield)
rPois  .         Spirit   .     e - +1 helmet
rElec  .         Reflect  .     z - +0 cloak
rCorr  .         Harm     .     (no gloves)
MR     .....                    (no boots)
Stlth  ++........               (no amulet)
                                (no ring)
                                (no ring)

@: very slightly contaminated, repel missiles
A: no striking features
a: no special abilities


You were on level 5 of the Dungeon.
You were hungry.

You visited 1 branch of the dungeon, and saw 5 of its levels.

You collected 151 gold pieces.

Inventory:

Hand Weapons
 p - a +0 hunting sling
 x - a +0 dagger
 y - a +0 spear (weapon)
Missiles
 i - 47 sling bullets
 w - 5 javelins (quivered)
Armour
 a - a +0 robe (worn)
 b - a +0 hat
 e - a +1 helmet (worn)
 z - a +0 cloak (worn)
Wands
 v - a wand of random effects (24/48)
 D - a wand of flame (13/48)
Scrolls
 g - a scroll of teleportation {unknown}
 h - a scroll of enchant armour {unknown}
 j - 5 scrolls of identify {unknown}
 l - 2 scrolls of remove curse {unknown}
 o - a scroll of immolation {unknown}
 r - 3 scrolls of amnesia {unknown}
 A - a scroll of recharging {unknown}
Potions
 f - 3 potions of heal wounds {unknown}
 k - a potion of ambrosia {unknown}
 m - a potion of degeneration {unknown}
 n - a potion of curing {unknown}
 q - a potion of flight {unknown}
 t - a potion of magic {unknown}
 u - a potion of lignification {unknown}
 B - a potion of agility {unknown}
Books
 c - a book of Minor Magic

   Spells                             Type                      Level
   a - Magic Dart                     Conjuration                  1
   b - Blink                          Translocation                2
   c - Call Imp                       Summoning                    2
   d - Repel Missiles                 Charms/Air                   2
   e - Slow                           Hexes                        2
   f - Conjure Flame                  Conjuration/Fire             3
   g - Mephitic Cloud                 Conjuration/Poison/Air       3
Comestibles
 d - 5 bread rations
 s - a meat ration
 C - a slice of pizza


   Skills:
 + Level 4.1 Dodging
 + Level 4.0 Stealth
 * Level 6.7 Spellcasting
 + Level 2.5 Conjurations
 + Level 1.5 Hexes
 - Level 1.1 Summonings
 - Level 1.1 Translocations
 + Level 2.1 Air Magic
 - Level 2.1 Poison Magic


You had 3 spell levels left.
You knew the following spells:

 Your Spells              Type           Power        Failure   Level  Hunger
a - Magic Dart            Conj           ###.         2%          1    None
b - Call Imp              Summ           ##......     10%         2    None
c - Blink                 Tloc           N/A          10%         2    None
d - Repel Missiles        Chrm/Air       ##....       10%         2    None
e - Mephitic Cloud        Conj/Pois/Air  ###.....     12%         3    None
f - Conjure Flame         Conj/Fire      ##......     14%         3    None
g - Slow                  Hex            ###.....     8%          2    None


Dungeon Overview and Level Annotations

Branches:
Dungeon (5/15)
 Temple: D:4-7

Altars:
Ashenzari
Cheibriados
Dithmenos
Gozag
Qazlal
The Shining One

Annotations:
D:4 Paps's ghost, amateur GrAs


Message History

Press: ? - help, Shift-Dir - straight line, f/p - ice beast
Aim: an ice beast (severely wounded)
The magic dart hits the ice beast.
The ice beast is severely wounded.
The ice beast misses you.
Casting: Magic Dart
Confirm with . or Enter, or press ? or * to list all spells.
Aiming: Magic Dart
Press: ? - help, Shift-Dir - straight line, f/p - ice beast
Aim: an ice beast (severely wounded)
The magic dart hits the ice beast.
The ice beast is severely wounded.
The ice beast misses you.
Casting: Magic Dart
Confirm with . or Enter, or press ? or * to list all spells.
A shadowy apparition takes form in the air.
The ice beast hits you.
* * * LOW HITPOINT WARNING * * *
The ice beast freezes you!
You die...

..... ....## . ....# ..
...# ... ..# .... #
#######.# ..... ..
#.......#####5..... ...
#.........Y@.......
....##......#...........
....'.......#.....###+##
....##......#.....# ...
##'######.....# ..
#......<#.....# #
##......#.....#
#......#.....# ########


You could see an ice beast and a friendly shadow imp.

Vanquished Creatures
  A centaur (D:3)
  3 hounds
  Jessica (D:2)
  A worker ant (D:4)
  5 gnolls
  5 adders
  An ooze (D:3)
  2 worms
  3 dart slugs
  3 leopard geckos
  8 orcs (D:3)
  6 giant cockroaches
  4 goblins
  2 hobgoblins (D:1)
  3 jackals
  5 kobolds
  A quokka (D:4)
  A ball python (D:3)
  5 bats
  11 frilled lizards
  6 rats
77 creatures vanquished.

Vanquished Creatures (collateral kills)
  A gnoll (D:2)
  2 worms (D:2)
  A leopard gecko (D:2)
  An orc (D:3)
  A giant cockroach (D:3)
  A hobgoblin (D:2)
  A frilled lizard (D:3)
8 creatures vanquished.

Grand Total: 85 creatures vanquished

Notes
Turn   | Place    | Note
-------+----------+-------------------------------------------
     0 | D:1      | Mefis the Deep Elf Wizard began the quest for the Orb.
     0 | D:1      | Reached XP level 1. HP: 10/10 MP: 7/7
   365 | D:1      | Reached XP level 2. HP: 15/15 MP: 7/9
   369 | D:1      | Learned a level 2 spell: Call Imp
   373 | D:1      | Learned a level 2 spell: Blink
   376 | D:1      | Learned a level 2 spell: Repel Missiles
  1192 | D:2      | Reached XP level 3. HP: 19/19 MP: 7/11
  1197 | D:2      | Learned a level 3 spell: Mephitic Cloud
  1474 | D:2      | Reached skill level 5 in Spellcasting
  1587 | D:2      | Noticed Jessica
  1589 | D:2      | Killed Jessica
  1888 | D:2      | Reached XP level 4. HP: 24/24 MP: 7/13
  1909 | D:2      | Learned a level 3 spell: Conjure Flame
  2011 | D:2      | Reached skill level 1 in Poison Magic
  2129 | D:2      | Found a shadowy altar of Dithmenos.
  2444 | D:3      | Noticed a centaur
  2795 | D:3      | HP: 1/24 [centaur/arrow (5)]
  3284 | D:3      | Killed a centaur
  3284 | D:3      | Reached skill level 6 in Spellcasting
  3284 | D:3      | Reached skill level 1 in Air Magic
  3284 | D:3      | Reached XP level 5. HP: 28/28 MP: 3/15
  4472 | D:3      | Found a snail-covered altar of Cheibriados.
  4475 | D:3      | Found an opulent altar of Gozag.
  4475 | D:3      | Found a shattered altar of Ashenzari.
  4483 | D:3      | Found a stormy altar of Qazlal.
  4486 | D:3      | Found a glowing golden altar of the Shining One.
  4748 | D:4      | Noticed Paps's ghost (amateur GrAs)
  4886 | D:4      | Reached XP level 6. HP: 32/32 MP: 12/17
  4890 | D:4      | Learned a level 2 spell: Slow
  5207 | D:4      | Reached skill level 1 in Hexes
  5607 | D:5      | Entered Level 5 of the Dungeon
  5651 | D:5      | Noticed an ice beast
  5679 | D:5      | Slain by an ice beast

Skill      XL: |  1  2  3  4  5  6 |
---------------+-------------------+-----
Dodging        | 3 4 |  4.1
Spellcasting   | 5 6 |  6.7
Conjurations   | 2 |  2.5
Poison Magic   | 1 2 |  2.1
Stealth        | 3 4 |  4.0
Air Magic      | 1 2 |  2.1
Hexes          | 1 |  1.5
Summonings     | |  1.1
Translocations | |  1.1

Action                   |  1- 3 |  4- 6 || total
-------------------------+-------+-------++-------
Melee: Unarmed           |     2 |     4 ||     6
 Cast: Magic Dart        |    63 |   200 ||   263
       Call Imp          |     1 |    14 ||    15
       Repel Missiles    |     1 |     1 ||     2
       Mephitic Cloud    |       |     5 ||     5
       Conjure Flame     |       |     1 ||     1
 Stab: Distracted        |       |     1 ||     1
  Eat: Chunk             |     3 |     6 ||     9
       Bread ration      |       |     1 ||     1
Armor: Robe              |       |    14 ||    14
Dodge: Dodged            |     5 |    58 ||    63
       Deflected         |     1 |     1 ||     2
